 Dungeon Crawl Stone Soup version 0.26-a0-597-gb535b0901c (webtiles) character file.

Game seed: 711963128882787521

9650 Lanoc the Summoner (level 11, -15/79 HPs)
             Began as a Green Draconian Summoner on Sept 4, 2020.
             Was a High Priest of the Shining One.
             Demolished by a skeletal warrior
             ... wielding a +0 scimitar
             ... led by a skeletal warrior
              (31 damage)
             ... on level 10 of the Dungeon.
             The game lasted 00:28:27 (12740 turns).

Lanoc the Summoner (Green Draconian Summoner)      Turns: 12740, Time: 00:28:28

Health: -15/79     AC: 11    Str: 10    XL:     11   Next: 25%
Magic:  8/14       EV: 19    Int: 25    God:    the Shining One [*****.]
Gold:   790        SH:  0    Dex: 17    Spells: 5/14 levels left

rFire    + + +     SeeInvis .   a - +9 staff of Olgreb {rPois∞}
rCold    . . .     Faith    +   (no shield)
rNeg     + + .     Spirit   .   (armour unavailable)
rPois    ∞         Reflect  .   o - +1 hat
rElec    .         Harm     .   H - +0 cloak
rCorr    .                      D - +1 pair of gloves of the Garden {rF++ Int+4 Dex+4}
MR       .....                  (no boots)
Stlth    +.........             w - amulet "Sulup" {Faith rPois Int+3}
HPRegen  0.23/turn              y - ring of protection from fire (curse)
MPRegen  0.14/turn              l - ring of wizardry

@: glowing
A: breathe noxious fumes, unfitting armour, poison resistance, cold-blooded, AC
+7
a: Breathe Noxious Fumes, Divine Shield, Cleansing Flame, Summon Divine Warrior,
Renounce Religion


You were on level 10 of the Dungeon.
You worshipped the Shining One.
The Shining One was extremely pleased with you.
You visited 2 branches of the dungeon, and saw 12 of its levels.

You collected 790 gold pieces.

Inventory:

Hand Weapons
 a - the +9 staff of Olgreb (weapon) {rPois∞}
   (You found it on level 9 of the Dungeon)

   It grants immunity to poison.
 b - a +2 dagger of flaming
Armour
 o - a +1 hat (worn)
 D - the +1 pair of gloves of the Garden (worn) {rF++ Int+4 Dex+4}
   (You found it on level 7 of the Dungeon)

   It affects your intelligence (+4).
   It affects your dexterity (+4).
   It greatly protects you from fire.
 H - a +0 cloak (worn)
Jewellery
 l - a ring of wizardry (right hand)
 r - an uncursed ring of protection from magic
 w - the amulet "Sulup" (around neck) {Faith rPois Int+3}
   (You found it on level 5 of the Dungeon)

   [amulet of faith]

   It allows you to gain divine favour quickly.
   It affects your intelligence (+3).
   It protects you from poison.
 y - a cursed ring of protection from fire (left hand)
 G - an uncursed ring of resist corrosion
Wands
 t - a wand of iceblast (18)
 v - a wand of polymorph (5)
 z - a wand of flame (32)
 C - a wand of disintegration (14)
 E - a wand of acid (2)
Scrolls
 e - 4 scrolls of fear
 g - 3 scrolls of enchant armour
 i - 4 scrolls of remove curse {unknown}
 j - 3 scrolls of magic mapping
 m - 4 scrolls of teleportation
 n - 3 scrolls of fog {unknown}
 p - 6 scrolls of blinking {unknown}
 q - a scroll of random uselessness {unknown}
 s - 2 scrolls of immolation
 x - 3 scrolls of enchant weapon
 A - a scroll of brand weapon {unknown}
 I - a scroll of vulnerability {unknown}
 J - a scroll of identify
Potions
 c - a potion of curing
 d - 3 potions of stabbing
 f - 4 potions of haste
 h - a potion of mutation
 k - 3 potions of brilliance
 B - a potion of lignification


   Skills:
 + Level 2.1 Fighting
 + Level 1.9 Staves
 + Level 9.5 Dodging
 - Level 1.7 Stealth
 - Level 2.0 Spellcasting
 - Level 14.0 Summonings
 + Level 1.9 Evocations


You had 5 spell levels left.
You knew the following spells:

 Your Spells              Type           Power        Failure   Level
a - Summon Lightning Spi  Summ/Air       #####...     2%          4
c - Call Canine Familiar  Summ           ######..     1%          3
d - Blink                 Tloc           N/A          7%          2

Your spell library contained the following spells:

 Spells                   Type           Power        Failure   Level
 Summon Small Mammal      Summ           ####         1%          1
 Call Imp                 Summ           ######..     1%          2
 Summon Guardian Golem    Hex/Summ       #####...     1%          3
 Summon Ice Beast         Ice/Summ       #####...     2%          4
 Sandblast                Erth           #.....       4%          1
 Passwall                 Tmut/Erth      #.......     7%          2
 Portal Projectile        Hex/Tloc       #.....       13%         3
 Stone Arrow              Conj/Erth      #.....       13%         3
 Petrify                  Tmut/Erth      #.......     38%         4
 Lee's Rapid Deconstruct  Erth           #.........   73%         5
 Malign Gateway           Summ/Tloc      #####.....   88%         7


Dungeon Overview and Level Annotations

Branches:
Dungeon (11/15)            Temple (1/1) D:7            Lair (0/6) D:10
    Orc: D:9-12

Altars:
Ashenzari
Cheibriados
Dithmenos
Elyvilon
Fedhas
Kikubaaqudgha
Makhleb
Nemelex Xobeh
Ru
Sif Muna
Trog
Uskayaw
Vehumet
Wu Jian
Xom
Yredelemnul
The Shining One

Shops:
D:4 (   D:5 (=

Annotations:
D:9 1 runed translucent door


Innate Abilities, Weirdness & Mutations

You can breathe blasts of noxious fumes.
Your lurid green scales are hard. (AC +7)
You cannot fit into any form of body armour.
Your system is resistant to poisons. (rPois)
You are cold-blooded and may be slowed by cold attacks.


Message History

You hit the skeletal warrior.
The skeletal warrior is severely damaged.
The skeletal warrior hits you but does no damage.
You hit the skeletal warrior but do no damage.
The skeletal warrior is severely damaged.
The skeletal warrior closely misses you.
The skeletal warrior completely misses you.
You climb upwards.
There is a stone staircase leading down here.
Casting: Summon Lightning Spire (dangerous; 2% risk of failure)
Confirm with . or Enter, or press ? or * to list all spells.
An electric hum fills the air.
The skeletal warrior hits you with a +0 scimitar!!
* * * LOW HITPOINT WARNING * * *
Okay, then.
Okay, then.
You feel better.
You feel better.
The skeletal warrior hits you with a +0 scimitar!!
You die...

##.# #..P..... #.#
###.P.P.### #.##
#.......#.> #..#
#.#.P...'.. ##.##
#.#.....###
###..###.#..P....P
#.8......##.......
#........#........
#@z......#...P..P.
#........#........
##########.......#
#...##### #...#
#...# #...# #####


You could see a skeletal warrior and a friendly lightning spire (summoned).

Vanquished Creatures
  A cyclops (D:11)
  Maurice (D:10)
  The ghost of Lanoc the Chopper, a novice MiGl of Makhleb (D:6)
  A kobold demonologist (D:10)
  9 yaks
  2 water moccasins (D:9)
  2 orc warriors
  A black bear (D:10)
  4 ice beasts
  A phantom (D:11)
  An eye of draining (D:9)
  A sky beast (D:6)
  2 necrophages
  An ogre (D:11)
  3 centaurs
  A crocodile (D:10)
  11 big kobolds
  3 bullfrogs
  5 scorpions
  7 killer bees
  10 wights
  A howler monkey (D:11)
  3 hounds
  2 jellies
  4 orc priests
  3 orc wizards
  A bullfrog skeleton (D:11)
  Natasha (twice) (D:4)
  6 worker ants
  5 hound skeletons
  11 adders
  A shadow imp (D:9)
  A white imp (D:6)
  A worm (D:4)
  2 leopard geckos (D:4)
  13 orcs
  3 giant cockroaches
  5 goblins
  4 hobgoblins
  A quokka (D:4)
  A ball python (D:1)
  2 bats
  4 frilled lizards
  A jackal zombie (D:5)
  14 kobolds
  A leopard gecko skeleton (D:4)
  A quokka skeleton (D:5)
  2 rats
163 creatures vanquished.

Vanquished Creatures (collateral kills)
  Erica (D:10)
  2 vampires
  2 yaks (D:9)
  6 soldier ants (D:9)
  3 water moccasins
  A porcupine (D:10)
  2 orc warriors
  4 ice beasts
  2 ogres
  2 sky beasts
  4 phantoms
  2 big kobolds (D:10)
  A bullfrog (D:8)
  A scorpion (D:9)
  5 killer bees
  26 wights
  4 howler monkeys
  2 bullfrog zombies
  A quasit (D:7)
  3 hounds
  3 orc priests
  A bullfrog skeleton (D:4)
  A centaur skeleton (D:8)
  3 iguanas
  7 worker ants
  A hound skeleton (D:8)
  3 gnolls (D:6)
  3 adders
  2 adder zombies
  2 worms
  13 orcs
  A giant cockroach (D:6)
  A goblin (D:1)
  5 jackals
  4 kobolds
  A quokka (D:5)
  A bat (D:1)
126 creatures vanquished.

Vanquished Creatures (others)
  Harold (D:10)
  10 fungi
  9 plants (D:10)
20 creatures vanquished.

Grand Total: 309 creatures vanquished

Notes
Turn   | Place    | Note
-------+----------+-------------------------------------------
     0 | D:1      | Lanoc the Draconian Summoner began the quest for the Orb.
     0 | D:1      | Reached XP level 1. HP: 14/14 MP: 3/3
   539 | D:1      | Reached XP level 2. HP: 19/20 MP: 5/5
  1151 | D:2      | Learned a level 2 spell: Call Imp
  1257 | D:3      | Reached XP level 3. HP: 16/26 MP: 2/6
  1724 | D:3      | Reached skill level 5 in Summonings
  1791 | D:3      | Found a snail-covered altar of Cheibriados.
  1867 | D:3      | Reached XP level 4. HP: 33/33 MP: 7/7
  1872 | D:3      | Learned a level 3 spell: Call Canine Familiar
  1911 | D:3      | Found a shimmering altar of Xom.
  2246 | D:4      | Found Mepp's Weapon Boutique.
  2511 | D:4      | Noticed a +0 dagger
  2512 | D:4      | Noticed a +0 dagger
  2515 | D:4      | Found a hide-covered altar of Uskayaw.
  2671 | D:4      | Noticed Natasha
  2676 | D:4      | Killed Natasha
  2676 | D:4      | Reached XP level 5. HP: 38/38 MP: 8/8
  2744 | D:4      | Noticed Natasha
  2760 | D:4      | Killed Natasha
  2995 | D:4      | Noticed an ogre
  3027 | D:4      | Killed an ogre
  3027 | D:4      | Reached skill level 6 in Summonings
  3399 | D:5      | Entered Level 5 of the Dungeon
  3399 | D:5      | Found Muah Opy's Jewellery Boutique.
  3489 | D:5      | Found Xoul Bek's Antique Weapon Shoppe.
  3519 | D:5      | Noticed an ice beast
  3551 | D:5      | Reached XP level 6. HP: 26/45 MP: 1/9
  3555 | D:5      | Killed an ice beast
  3815 | D:5      | Got a warped pewter amulet
  3826 | D:5      | Identified the amulet "Sulup" {Faith rPois Int+3} (You
                  | found it on level 5 of the Dungeon)
  4001 | D:5      | Noticed an ice beast
  4012 | D:5      | Killed an ice beast
  4012 | D:5      | Reached skill level 7 in Summonings
  4500 | D:6      | Noticed an ice beast
  4512 | D:6      | Killed an ice beast
  4512 | D:6      | Your scales start taking on a lurid green colour.
  4512 | D:6      | Reached XP level 7. HP: 31/50 MP: 2/10
  4512 | D:6      | Gained mutation: Your system is resistant to poisons.
                  | (rPois) [Green Draconian growth]
  5101 | D:6      | Found a runed translucent gate.
  5101 | D:6      | Found a runed translucent gate.
  5101 | D:6      | Found a runed translucent gate.
  5101 | D:6      | Noticed Lanoc's ghost (novice MiGl)
  5164 | D:6      | Killed Lanoc's ghost
  5164 | D:6      | Reached skill level 5 in Dodging
  5164 | D:6      | Reached skill level 8 in Summonings
  5236 | D:6      | Reached XP level 8. HP: 42/57 MP: 5/11
  5356 | D:6      | Identified Does Nikh's Catalogue of Supportive Orientation
  5391 | D:6      | Found an ancient bone altar of Kikubaaqudgha.
  5510 | D:6      | Learned a level 2 spell: Blink
  5521 | D:7      | Found a shattered altar of Ashenzari.
  5670 | D:7      | Found a radiant altar of Vehumet.
  5701 | D:7      | Reached skill level 9 in Summonings
  6406 | D:7      | Found a staircase to the Ecumenical Temple.
  6417 | Temple   | Entered the Ecumenical Temple
  6425 | Temple   | Became a worshipper of the Shining One
  7212 | D:7      | Found a bloodstained altar of Trog.
  7257 | D:7      | Got a pair of twisted gloves
  7262 | D:7      | Identified the +1 pair of gloves of the Garden {rF++ Int+4
                  | Dex+4} (You found it on level 7 of the Dungeon)
  7323 | D:8      | Reached * piety under the Shining One
  7370 | D:8      | Reached skill level 10 in Summonings
  7509 | D:8      | Reached ** piety under the Shining One
  7658 | D:8      | Reached XP level 9. HP: 61/61 MP: 12/12
  8042 | D:8      | Found a sparkling altar of Nemelex Xobeh.
  8099 | D:8      | Reached *** piety under the Shining One
  8149 | D:8      | Reached skill level 11 in Summonings
  8375 | D:9      | HP: 1/61 [orc warrior/cursed -2 battleaxe (12)]
  8827 | D:9      | Found a shimmering blue altar of Sif Muna.
  9127 | D:9      | Reached **** piety under the Shining One
  9137 | D:9      | Found a white marble altar of Elyvilon.
  9285 | D:9      | Found a runed translucent door.
  9305 | D:9      | Found the +9 staff of Olgreb {rPois∞}
  9323 | D:9      | Found a runed translucent door.
  9325 | D:9      | Found a runed translucent gate.
  9326 | D:9      | Found a runed translucent gate.
  9498 | D:9      | Reached skill level 12 in Summonings
  9841 | D:9      | Found a runed translucent gate.
 10207 | D:9      | Reached XP level 10. HP: 69/69 MP: 3/13
 10707 | D:10     | Entered Level 10 of the Dungeon
 10707 | D:10     | Noticed Erica
 10792 | D:10     | Killed Erica
 10875 | D:10     | Reached skill level 13 in Summonings
 11083 | D:10     | Noticed Maurice
 11106 | D:10     | Killed Maurice
 11269 | D:10     | Noticed Harold
 11277 | D:10     | Reached ***** piety under the Shining One
 11293 | D:10     | Killed Harold
 11558 | D:10     | Reached XP level 11. HP: 62/74 MP: 12/14
 11936 | D:10     | Found a staircase to the Lair.
 11954 | D:10     | Reached skill level 14 in Summonings
 12389 | D:11     | Reached skill level 1 in Fighting
 12389 | D:11     | Reached skill level 1 in Staves
 12389 | D:11     | Reached skill level 1 in Evocations
 12612 | D:11     | Noticed a skeletal warrior
 12613 | D:11     | Noticed a skeletal warrior
 12615 | D:11     | Noticed a skeletal warrior
 12615 | D:11     | Noticed a skeletal warrior
 12723 | D:10     | Learned a level 4 spell: Summon Lightning Spire
 12740 | D:10     | Demolished by a skeletal warrior

Illustrated notes

Levels and vault maps discovered:
D:1:      lightli_arrival_boilingwater, layout_basic
D:2:      layout_basic, overflow_temple_1_default, grunt_gozag_breadcrumbs
D:3:      layout_basic, nicolae_overflow_crystal_walls,
          overflow_temple_1_default
D:4:      layout_layer_cave, dancing_weapons_uskayaw, serial_shops,
          kennysheep_little_box, minmay_quantized, uniq_natasha
D:5:      layout_gridville, serial_shops, shop_statue, nicolae_shop_stone,
          minmay_fractal_squares_diagonal_5
D:6:      layout_cave_pools, old_standard_altar, ebering_ghost_rock_garden
D:7:      layout_gridville, bloody_trog, ashenzari_conservatory_becter,
          kennysheep_mini, minmay_temple_entry_nine_rooms
D:8:      layout_basic, nicolae_overflow_hidden_temple, grunt_decor_fettered
D:9:      layout_cave_pools, elyvilon_altar_1, old_standard_altar,
          minmay_guarded_unrand_staff_of_olgreb
D:10:     layout_rooms, grunt_lair_entry_orc_guard_hut, special_room
          [special_room_kobold], uniq_maurice, uniq_harold, uniq_erica
D:11:     layout_basic, chequers_serial_rivers_marsh, kennysheep_island_fort
Temple:   eino_temple_lava

Skill      XL: |  1  2  3  4  5  6  7  8  9 10 11 |
---------------+----------------------------------+-----
Dodging        | 2 3 4 5 6 7 9 |  9.5
Summonings     | 5 6 7 8 10 12 13 14 | 14.0
Fighting       | 2 |  2.1
Staves         | 1 |  1.9
Evocations     | 1 |  1.9
Stealth        | |  1.7
Spellcasting   | |  2.0

Action                   |  1- 3 |  4- 6 |  7- 9 | 10-12 || total
-------------------------+-------+-------+-------+-------++-------
Melee: Dagger            |    74 |    91 |   390 |    65 ||   620
       Unarmed           |     9 |       |       |       ||     9
       Tailslap          |     8 |    12 |    37 |    39 ||    96
       Staff             |       |       |       |   197 ||   197
 Cast: Summon Small Mamm |     4 |       |       |       ||     4
       Call Imp          |     6 |    14 |    18 |       ||    38
       Call Canine Famil |       |    14 |    47 |    18 ||    79
       Blink             |       |       |     1 |       ||     1
       Summon Lightning  |       |       |       |     2 ||     2
 Abil: Breathe Noxious F |       |       |     4 |    13 ||    17
Evoke: Staff of Olgreb   |       |       |       |    33 ||    33
  Use: Scroll            |       |     1 |    13 |     2 ||    16
       Potion            |       |       |     6 |     3 ||     9
 Stab: Sleeping          |     3 |     5 |     1 |       ||     9
       Distracted        |       |     1 |     2 |       ||     3
Armor: Skin              |    33 |    22 |   139 |    74 ||   268
Dodge: Dodged            |    67 |    72 |   416 |   267 ||   822

Table legend: (Time is in decaauts)
 A = Elapsed time spent in this place.
 B = Non-inter-level travel time spent in this place.
 C = Inter-level travel time spent in this place.
 D = Time resting spent in this place.
 E = Time spent auto-exploring this place.
 F = Levels seen in this place.
 G = Mean time per level.
                   A        B        C        D        E       F      G
               +--------+--------+--------+--------+--------+-----+--------+
         Total |  12805 |  12605 |    200 |    949 |   9042 |  12 | 1067.1 |
       Dungeon |  12788 |  12588 |    200 |    949 |   9042 |  11 | 1162.5 |
        Temple |     16 |     16 |      0 |      0 |      0 |   1 |   16.0 |
               +--------+--------+--------+--------+--------+-----+--------+

Top non-repeatable levels by time:
     D:9: 1872 daAuts
     D:7: 1749 daAuts
     D:8: 1623 daAuts
    D:10: 1424 daAuts
     D:4: 1400 daAuts
     D:6: 1145 daAuts
     D:1: 1145 daAuts
     D:5: 974 daAuts
     D:3: 837 daAuts
    D:11: 598 daAuts
     D:2: 16 daAuts
  Temple: 16 daAuts
